 Dungeon Crawl Stone Soup version 0.30-a0-840-ga523dec638 (webtiles) character file.

Game seed: 9355818642183495280

347 demibob the Twirler (level 6, 0/44 HPs)
             Began as a Demonspawn Gladiator on Mar 2, 2023.
             Was an Initiate of Kikubaaqudgha.
             Slain by an orc
             ... wielding the +7 war axe "Asuvuhes" {venom, Str+7}
              (9 damage)
             ... on level 4 of the Dungeon.
             The game lasted 00:04:19 (3219 turns).

demibob the Twirler (Demonspawn Gladiator)          Turns: 3219, Time: 00:04:20

Health: 0/44       AC:  4    Str: 15    XL:     6   Next: 33%
Magic:  6/6        EV: 12    Int: 13    God:    Kikubaaqudgha [......]
Gold:   171        SH:  0    Dex: 19    Spells: 5/5 levels left

rFire   + . .      SeeInvis .    a - +0 quarterstaff
rCold   . . .      Faith    .    (shield currently unavailable)
rNeg    . . .      Spirit   .    b - +0 leather armour
rPois   .          Reflect  .    c - +0 helmet
rElec   .          Harm     .    (no cloak)
rCorr   .          Rampage  .    (no gloves)
Will    .....                    (no boots)
Stlth   +                        (no amulet)
HPRegen 0.27/turn                r - ring of Hoojuq {rF+ Dex+5}
MPRegen 0.10/turn                Z - ring of wizardry

@: no status effects
A: ignite blood 1, big brain 1, weakness stinger 1
a: Renounce Religion


You were on level 4 of the Dungeon.
You worshipped Kikubaaqudgha.
Kikubaaqudgha was noncommittal.
You visited 2 branches of the dungeon, and saw 5 of its levels.

You collected 171 gold pieces.


Innate Abilities, Weirdness & Mutations

Your demonic aura sometimes causes spilled blood to erupt in flames.
You have an unusually large brain. (Int +2)
You have a small tail.


   Skills:
 - Level 2.0 Fighting
 + Level 6.5 Staves
 - Level 1.7 Throwing
 - Level 2.6 Dodging


You had 5 spell levels left.
You didn't know any spells.
Your spell library contained the following spells:

 Spells                   Type           Power      Damage    Failure   Level
 Portal Projectile        Hex/Tloc       0%         N/A       41%         3
 Tukima's Dance           Hex            0%         N/A       41%         3
 Blade Hands              Tmut           0%         N/A       98%         5

Inventory:

Hand Weapons
 a - a +0 quarterstaff (weapon)
Missiles
 d - 3 throwing nets (quivered) {=f}
 e - a javelin
Armour
 b - a +0 leather armour (worn)
 c - a +0 helmet (worn)
Jewellery
 r - the ring of Hoojuq (left hand) {rF+ Dex+5}
   (You took it off a hobgoblin on level 4 of the Dungeon)

   [ring of protection from fire]

   Dex:       It affects your dexterity (+5).
   rF:        It protects you from fire.
 C - a ring of ice
 Z - a ring of wizardry (right hand)
Scrolls
 h - 2 scrolls of identify {@r1}
 j - a scroll of poison
 k - 2 scrolls of teleportation {@r2}
 p - a scroll of fog {unknown}
Potions
 f - a potion of haste {@q3}
 g - a potion of curing {@q1}
 i - 2 potions of mutation
 l - a potion of might
 m - a potion of ambrosia
 n - 2 potions of invisibility {unknown}
 o - a potion of lignification {unknown}
 q - a potion of degeneration {unknown}
 s - 2 potions of attraction {unknown}

Dungeon Overview and Level Annotations

Branches:
Dungeon (4/15)             Temple (1/1) D:4

Altars:
Dithmenos
Fedhas
Gozag
Hepliaklqana
Kikubaaqudgha
Okawaru
Qazlal
Ru
Uskayaw
Wu Jian

#####...........
##..o............
#......##.....<..
##o.#o...........
##..##...........
#..##............
##......>.......#
#####...).......###
#.@o).##........#..
#.###.###..........
#.##..###.......###
#............)..# .
#.......8....)..##.
............###.#..
.#......8...#.#....
. .###.............
##.8..........


You could see an orc.


Message History

The orc wizard flickers and vanishes!
Deactivating autopickup; reactivate with Ctrl-A.
The orc attacks as you move away! The orc closely misses you.
A puff of flame appears from out of thin air!
The puff of flame hits you. You resist.
* * * LOW HITPOINT WARNING * * *
Something tries to affect you, but you resist.
A magic dart appears from out of thin air!
The magic dart hits you.
* * * LOW HITPOINT WARNING * * *
The orc hits you with a +0 dagger.
* * * LOW HITPOINT WARNING * * *
A puff of flame appears from out of thin air!
The puff of flame hits you. You resist.
* * * LOW HITPOINT WARNING * * *
The orc barely misses you.
You are too injured to fight recklessly!
You sock the orc!
You kill the orc!
Kikubaaqudgha accepts your kill.
You thump the orc!
You kill the orc!
Kikubaaqudgha accepts your kill.
The orc hits you with the +7 war axe "Asuvuhes" {venom, Str+7}.
* * * LOW HITPOINT WARNING * * *
You closely miss the orc. You tail-slap the orc.
The orc is heavily wounded.
The orc hits you with the +7 war axe "Asuvuhes" {venom, Str+7}!
You die...
Kikubaaqudgha rasps: "You have failed me!
Welcome... death!"

Skill      XL: |  1  2  3  4  5 |
---------------+----------------+-----
Staves         | 3 4 5 6 |  6.5
Fighting       | |  2.0
Throwing       | |  1.7
Dodging        | |  2.6

Action                     |  1- 3 |  4- 6 || total
---------------------------+-------+-------++-------
  Melee: Quarterstaff      |    99 |   119 ||   218
         Tailslap          |     5 |    22 ||    27
  Throw: Throwing net      |       |     1 ||     1
    Use: Potion            |     4 |     1 ||     5
         Scroll            |       |     5 ||     5
   Stab: Sleeping          |     2 |     1 ||     3
 Armour: Leather armour    |    40 |    31 ||    71
  Dodge: Dodged            |    63 |    71 ||   134

Levels and vault maps discovered:
D:1:      saegor_arrival_miasma, layout_loops_ring,
          ebering_ecumenical_altar_petrified
D:2:      layout_loops_ring, basic_altar, minmay_splitting_lines
D:3:      minmay_inner_zag, layout_basic, mainiacjoe_overflow_alcove_4
D:4:      layout_cave_pools, minmay_temple_entry_tees, serial_column_ruins,
          column_ruins_hut_water, column_ruins_columns_corner,
          column_ruins_grid_3, column_ruins_columns_dead_end,
          column_ruins_open_tiny, column_ruins_grid_1, minmay_quantized,
          uniq_edmund
Temple:   minmay_freezing_vapour_temple

Notes
Turn   | Place    | Note
-------+----------+-------------------------------------------
     0 | D:1      | demibob the Demonspawn Gladiator began the quest for the
                  | Orb.
     0 | D:1      | Reached XP level 1. HP: 16/16 MP: 1/1
   195 | D:1      | Reached skill level 3 in Staves
   278 | D:1      | Gained mutation: You have a small tail. [demonic ancestry]
   278 | D:1      | Reached XP level 2. HP: 19/22 MP: 2/2
   548 | D:1      | Found a faded altar of an unknown god.
   818 | D:2      | Gained mutation: Your demonic aura sometimes causes spilled
                  | blood to erupt in flames. [demonic ancestry]
   818 | D:2      | Reached XP level 3. HP: 9/27 MP: 3/3
   825 | D:2      | HP: 1/27 [hobgoblin (3)]
   986 | D:2      | Reached skill level 4 in Staves
  1343 | D:2      | Reached XP level 4. HP: 33/33 MP: 4/4
  1351 | D:2      | Found a hide-covered altar of Uskayaw.
  2115 | D:3      | Found a hazy altar of Hepliaklqana.
  2595 | D:4      | Noticed an ogre
  2600 | D:4      | Killed an ogre
  2601 | D:4      | Reached skill level 5 in Staves
  2601 | D:4      | Reached XP level 5. HP: 38/38 MP: 5/5
  2764 | D:4      | Reached skill level 6 in Staves
  2769 | D:4      | Identified the ring of Hoojuq {rF+ Dex+5}
  2775 | D:4      | Gained mutation: You have an unusually large brain. (Int
                  | +2) [demonic ancestry]
  2775 | D:4      | Reached XP level 6. HP: 30/44 MP: 6/6
  2812 | D:4      | Found a staircase to the Ecumenical Temple.
  2855 | Temple   | Entered the Ecumenical Temple
  2860 | Temple   | Became a worshipper of Kikubaaqudgha
  3192 | D:4      | Identified the +7 war axe "Asuvuhes" {venom, Str+7}
  3219 | D:4      | Slain by an orc

Vanquished Creatures
  An ogre (D:4)
  2 howler monkeys (D:4)
  4 gnolls (D:4)
  5 adders
  3 worms
  A dart slug (D:3)
  8 orcs
  11 ball pythons
  3 endoplasms
  8 giant cockroaches
  10 hobgoblins
  4 jackals (D:4)
  6 kobolds
  7 bats
  A frilled lizard (D:1)
  6 goblins
  2 rats
82 creatures vanquished.

Table legend: (Time is in decaauts)
 A = Elapsed time spent in this place.
 B = Non-inter-level travel time spent in this place.
 C = Inter-level travel time spent in this place.
 D = Time resting spent in this place.
 E = Time spent auto-exploring this place.
 F = Levels seen in this place.
 G = Mean time per level.
                   A        B        C        D        E       F      G
               +--------+--------+--------+--------+--------+-----+--------+
         Total |   3216 |   3077 |    139 |    409 |   2146 |   5 |  643.2 |
       Dungeon |   3205 |   3067 |    138 |    409 |   2146 |   4 |  801.2 |
        Temple |     10 |     10 |      0 |      0 |      0 |   1 |   10.0 |
               +--------+--------+--------+--------+--------+-----+--------+

Top non-repeatable levels by time:
     D:2: 964 daAuts
     D:1: 805 daAuts
     D:3: 754 daAuts
     D:4: 681 daAuts
  Temple: 10 daAuts

Table legend:
 A = Non-vault XP
 B = Vault XP
 C = Vault XP percentage of total XP
 D = Non-vault monster count
 E = Vault monster count
 F = Vault count percentage of total count
                 A         B        C        D         E       F
            +---------+---------+-------+---------+---------+-------
      Total |     466 |      31 |   6.2 |      72 |      10 |  12.2
            +---------+---------+-------+---------+---------+-------
        D:1 |      27 |       0 |   0.0 |      16 |       0 |   0.0
        D:2 |      76 |       0 |   0.0 |      21 |       0 |   0.0
        D:3 |      23 |      10 |  30.3 |      11 |       5 |  31.2
        D:4 |     340 |      21 |   5.8 |      24 |       5 |  17.2
            +---------+---------+-------+---------+---------+-------
